 Dungeon Crawl Stone Soup version 0.20-a0-984-ge8aa303 (webtiles) character file.

7743 inmateoo the Basher (level 11, -4/87 HPs)
             Began as a Formicid Fighter on Apr 10, 2017.
             Was an Elder of Okawaru.
             Slain by a six-headed hydra (12 damage)
             ... on level 10 of the Dungeon.
             The game lasted 00:13:19 (10486 turns).

inmateoo the Basher (Formicid Fighter)             Turns: 10486, Time: 00:13:20

Health: -4/87      AC: 11    Str: 23    XL:     11   Next: 42%
Magic:  11/13      EV: 14    Int:  9    God:    Okawaru [****..]
Gold:   415        SH: 13    Dex:  8    Spells: 10/10 levels left

rFire    . . .     SeeInvis +   k - +2 whip (elec)
rCold    . . .     Gourm    .   c - +0 shield
rNeg     . . .     Faith    .   b - +0 scale mail
rPois    +         Spirit   .   (helmet unavailable)
rElec    +         Reflect  .   (no cloak)
rCorr    .         Harm     .   (no gloves)
MR       +....     Clarity  +   o - +0 pair of boots
Stlth    +.........             (no amulet)
Regen    0.3/turn               y - ring of Yjitt {rElec rPois}
MPRegen  0.2/turn               m - +2 ring of evasion (curse)

@: heroism
A: permanent stasis, dig shafts and tunnels, four strong arms, antennae 3,
clarity, clumsy 1, no potion heal 1, subdued magic 1
a: Dig, Shaft Self, Heroism, Renounce Religion


You were on level 10 of the Dungeon.
You worshipped Okawaru.
Okawaru was greatly pleased with you.
You were not hungry.

You visited 2 branches of the dungeon, and saw 11 of its levels.

You collected 415 gold pieces.

Inventory:

Hand Weapons
 a - a +0 war axe
 k - a +2 whip of electrocution (weapon)
 s - a +0 blowgun
 D - a +2 whip of draining
Missiles
 w - 31 poisoned needles
Armour
 b - a +0 scale mail (worn)
 c - a +0 shield (worn)
 o - a +0 pair of boots (worn)
Jewellery
 m - a cursed +2 ring of evasion (right hand)
 p - an uncursed ring of ice
 y - the ring of Yjitt (left hand) {rElec rPois}
   (You found it on level 9 of the Dungeon)

   [ring of poison resistance]

   It insulates you from electricity.
   It protects you from poison.
Wands
 r - a wand of confusion (30/48)
 v - a wand of polymorph (6/24)
 C - a wand of paralysis (12/24)
 F - a wand of disintegration (8/24)
Scrolls
 e - 2 scrolls of immolation
 n - 3 scrolls of fear
 x - 6 scrolls of remove curse
Potions
 d - 4 potions of might
 g - 5 potions of curing
 j - 2 potions of agility
 l - a potion of magic {unknown}
 t - 2 potions of heal wounds
 u - a potion of brilliance
 A - a potion of flight {unknown}
 B - 2 potions of mutation {unknown}
Books
 z - a book of Changes

   Spells                             Type                      Level
   a - Beastly Appendage              Transmutation                1
   b - Sticks to Snakes               Transmutation                2
   c - Spider Form                    Transmutation/Poison         3
   d - Ice Form                       Ice/Transmutation            4
   e - Blade Hands                    Transmutation                5
Comestibles
 f - 5 bread rations
 h - 4 fruits
 i - 9 royal jellies
 q - 11 meat rations
 E - 4 chunks of flesh


   Skills:
 + Level 8.6(13.6) Fighting
 - Level 2.0(12.1) Axes
 * Level 10.7(15.8) Maces & Flails
 + Level 9.0(14.0) Armour
 + Level 9.7(14.7) Shields
 + Level 2.6 Invocations


You had 10 spell levels left.
You didn't know any spells.

Dungeon Overview and Level Annotations

Branches:
Dungeon (10/15)            Temple (1/1) D:6            Lair (0/6) D:9
    Orc (0/2) D:9

Altars:
Ashenzari
Dithmenos
Elyvilon
Fedhas
Gozag
Hepliaklqana
Kikubaaqudgha
Makhleb
Nemelex Xobeh
Okawaru
Ru
Sif Muna
Trog
Vehumet
Wu Jian
Xom
Yredelemnul
Zin
The Shining One

Annotations:
D:6 sqweez's ghost, novice TrBe
D:7 Prince Ribbit
D:8 1 runed door


Innate Abilities, Weirdness & Mutations

You cannot be hasted, slowed, berserked, paralysed or teleported.
You can dig through walls and to a lower floor.
Your four strong arms can wield two-handed weapons with a shield.
You have a pair of large antennae on your head. (SInv)
You possess an exceptional clarity of mind.
You are clumsy. (Dex -2)
Potions are less effective at restoring your health.
Your spells are a little easier to cast, but a little less powerful.


Message History

Unknown command.
You whack the six-headed hydra!
The six-headed hydra is severely wounded.
The six-headed hydra bites you!
You block the six-headed hydra's attack.
The six-headed hydra misses you. The six-headed hydra bites you!
The six-headed hydra bites you but does no damage.
The six-headed hydra bites you!
* * * LOW HITPOINT WARNING * * *
You hit the six-headed hydra.
The six-headed hydra is severely wounded.
Unknown command.
You hit the six-headed hydra.
The six-headed hydra is severely wounded.
The six-headed hydra bites you!
* * * LOW HITPOINT WARNING * * *
The six-headed hydra bites you but does no damage.
You block the six-headed hydra's attack.
The six-headed hydra bites you!
You die...

#.......# #.......#
..###.......##
.............#
..###........# #
#........#####. #..
#......).......
#....####.##########
#....ZD@..#
#....###### #.. .


You could see a six-headed hydra and a worker ant zombie.

Vanquished Creatures
  A hydra (D:9)
  A spiny frog (shapeshifter) (D:9)
  A troll (D:9)
  A hippogriff (D:6)
  A wraith (D:10)
  6 yaks
  3 hogs (D:7)
  A human (D:7)
  A steam dragon (D:9)
  2 water moccasins
  A swamp drake (D:9)
  A black bear (D:7)
  An ice beast (D:7)
  4 orc warriors (D:9)
  2 sky beasts (D:9)
  5 ogres
  3 centaurs
  3 phantoms
  A wyvern zombie (D:9)
  4 bullfrogs
  4 scorpions
  8 killer bees
  5 wights (D:8)
  5 howler monkeys
  A bullfrog zombie (D:5)
  2 crimson imps
  A centaur zombie (D:8)
  A jelly (D:6)
  4 hounds
  A centaur skeleton (D:9)
  4 orc priests
  11 orc wizards
  A gnoll shaman (D:5)
  5 iguanas
  2 bullfrog skeletons
  Natasha (thrice) (D:2 D:3)
  6 worker ants
  A hound skeleton (D:6)
  10 gnolls
  A howler monkey skeleton (D:5)
  9 adders
  A shadow imp (D:9)
  An adder zombie (D:9)
  An adder skeleton (D:4)
  4 worms
  A dart slug (D:2)
  3 leopard geckos
  35 orcs
  4 giant cockroaches
  5 goblins
  5 hobgoblins
  12 jackals
  4 quokkas
  5 bats
  2 frilled lizards
  8 kobolds
  A leopard gecko skeleton (D:4)
  A leopard gecko zombie (D:6)
  A quokka skeleton (D:5)
  7 rats
229 creatures vanquished.

Vanquished Creatures (others)
  2 orc wizards (D:9)
  An orc (D:9)
3 creatures vanquished.

Grand Total: 232 creatures vanquished

Notes
Turn   | Place    | Note
-------+----------+-------------------------------------------
     0 | D:1      | inmateoo the Formicid Fighter began the quest for the Orb.
     0 | D:1      | Reached XP level 1. HP: 18/18 MP: 1/1
   135 | D:1      | Reached XP level 2. HP: 21/24 MP: 2/2
   254 | D:1      | Reached skill level 1 in Maces & Flails
   649 | D:2      | Noticed Natasha
   655 | D:2      | Killed Natasha
   655 | D:2      | Reached XP level 3. HP: 22/29 MP: 3/3
   936 | D:2      | Reached XP level 4. HP: 32/36 MP: 4/4
   986 | D:2      | Reached skill level 2 in Maces & Flails
  1519 | D:3      | Reached XP level 5. HP: 30/42 MP: 5/5
  1769 | D:3      | Noticed Natasha
  1781 | D:3      | Killed Natasha
  1898 | D:3      | Reached skill level 3 in Maces & Flails
  1916 | D:3      | Reached XP level 6. HP: 33/48 MP: 6/6
  1987 | D:3      | Noticed a sky beast
  2071 | D:3      | Noticed Natasha
  2518 | D:3      | Killed Natasha
  2755 | D:4      | Noticed an ogre
  2764 | D:4      | Killed an ogre
  2764 | D:4      | Reached skill level 4 in Maces & Flails
  2839 | D:4      | Noticed a phantom
  2867 | D:4      | Reached XP level 7. HP: 51/55 MP: 7/7
  2880 | D:4      | Reached skill level 5 in Shields
  3377 | D:4      | Reached skill level 5 in Fighting
  3650 | D:5      | Entered Level 5 of the Dungeon
  3654 | D:5      | Reached skill level 5 in Armour
  3668 | D:5      | Reached skill level 5 in Maces & Flails
  3694 | D:5      | Reached XP level 8. HP: 62/62 MP: 8/8
  5236 | D:6      | Noticed sqweez's ghost (novice TrBe)
  5291 | D:5      | Reached skill level 6 in Maces & Flails
  5441 | D:6      | Noticed a hippogriff
  5453 | D:6      | Killed a hippogriff
  5519 | D:6      | Reached XP level 9. HP: 57/69 MP: 9/9
  5524 | D:6      | Found a staircase to the Ecumenical Temple.
  5657 | Temple   | Entered the Ecumenical Temple
  5736 | Temple   | Became a worshipper of Warmaster Okawaru
  6288 | D:7      | Reached skill level 7 in Maces & Flails
  6313 | D:7      | Reached * piety under Okawaru
  6740 | D:7      | Reached skill level 8 in Maces & Flails
  6747 | D:7      | Reached ** piety under Okawaru
  7024 | D:7      | Noticed Prince Ribbit
  7336 | D:7      | Reached XP level 10. HP: 71/79 MP: 10/10
  7342 | D:8      | Found a glowing golden altar of the Shining One.
  7342 | D:8      | Noticed an angel
  7351 | D:8      | Found a runed door.
  7803 | D:8      | Reached skill level 9 in Maces & Flails
  8601 | D:9      | Reached *** piety under Okawaru
  8605 | D:9      | Gained mutation: Potions are less effective at restoring your health. [mutagenic meat]
  8606 | D:9      | Gained mutation: Your spells are a little easier to cast, but a little less powerful. [mutagenic meat]
  8607 | D:9      | Gained mutation: You possess an exceptional clarity of mind. [mutagenic meat]
  8608 | D:9      | Gained mutation: You are clumsy. (Dex -2) [mutagenic meat]
  8639 | D:9      | Noticed a five-headed hydra
  8653 | D:9      | Noticed a spiny frog
  8653 | D:9      | a basilisk changed into a spiny frog
  8667 | D:9      | Killed a spiny frog
  8887 | D:9      | Killed a five-headed hydra
  9016 | D:9      | Got an ancient copper ring
  9017 | D:9      | Identified the ring of Yjitt {rElec rPois} (You found it on level 9 of the Dungeon)
  9090 | D:9      | Reached XP level 11. HP: 86/86 MP: 11/11
  9114 | D:9      | Found a staircase to the Lair.
  9174 | D:9      | Noticed a five-headed hydra
  9176 | D:9      | Noticed a brown ugly thing
  9192 | D:9      | Reached skill level 10 in Maces & Flails
  9276 | D:9      | Found a white marble altar of Elyvilon.
  9481 | D:9      | Reached skill level 1 in Invocations
  9981 | D:9      | Found a staircase to the Orcish Mines.
 10265 | D:10     | Entered Level 10 of the Dungeon
 10296 | D:10     | Reached **** piety under Okawaru
 10474 | D:10     | Noticed a six-headed hydra
 10486 | D:10     | Slain by a six-headed hydra

Vault maps used:
D:1:      scummos_arrival_forest, serial_aquarium, aquarium_bridge_square,
          aquarium_bridge_island_small, aquarium_window_corridor_1,
          aquarium_window_double, aquarium_view_2c, aquarium_balcony_3b,
          minmay_pentomino_u2
D:2:      uniq_natasha
D:4:      first_bread, minmay_misc_feat_columns
D:5:      roderic_malta_cross
D:6:      minmay_temple_entry_junction
D:7:      corexii_hall_statues_x, grunt_livestock, kennysheep_windowed_goal,
          uniq_prince_ribbit1
D:8:      lemuel_angel_altar
D:9:      minmay_bloctagon, elyvilon_altar_1, lair_entry_dummy, erik_orc_1,
          onia_ninara_dug_in_and_dangerous
Temple:   regret_index_temple_sigil_plot

Skill      XL: |  1  2  3  4  5  6  7  8  9 10 11 |
---------------+----------------------------------+-----
Maces & Flails | 1 2 3 4 5 6 8 9 10 | 10.7
Shields        | 4 5 6 7 9 |  9.7
Armour         | 4 5 6 7 8 9 |  9.0
Fighting       | 4 5 6 7 8 |  8.6
Invocations    | 2 |  2.6
Axes           | |  2.0

Action                   |  1- 3 |  4- 6 |  7- 9 | 10-12 || total
-------------------------+-------+-------+-------+-------++-------
Melee: Whip              |    46 |   180 |   361 |   472 ||  1059
       War axe           |     4 |       |       |       ||     4
Invok: Heroism           |       |       |       |     3 ||     3
 Abil: Dig               |       |     7 |     5 |     4 ||    16
  Use: Scroll            |       |     8 |     5 |     4 ||    17
       Potion            |       |       |       |     1 ||     1
  Eat: Chunk             |       |     7 |    14 |    18 ||    39
Armor: Scale mail        |    20 |    58 |    85 |    64 ||   227
       Skin              |       |       |       |    11 ||    11
Dodge: Dodged            |    21 |    46 |    94 |    91 ||   252
Block: Shield            |    19 |    75 |   172 |   168 ||   434
